 Dungeon Crawl Stone Soup version 0.29.1-1-gd02db6906a (webtiles) character file.

Game seed: 6593666398428022813

11 funkygono the Firebug (level 2, 0/15 HPs)
             Began as a Gargoyle Fire Elementalist on Sept 17, 2022.
             Slain by a jackal (2 damage)
             ... on level 1 of the Dungeon.
             The game lasted 00:00:44 (266 turns).

funkygono the Firebug (Gargoyle Fire Elementalist)   Turns: 266, Time: 00:00:44

Health: 0/15       AC:  4    Str: 11    XL:     2   Next: 29%
Magic:  0/5        EV: 12    Int: 15    God:
Gold:   54         SH:  0    Dex: 10    Spells: 2/5 levels left

rFire   . . .      SeeInvis .   c - +0 club
rCold   . . .      Faith    .   (no shield)
rNeg    + . .      Spirit   .   a - +0 robe
rPois   ∞          Reflect  .   (no helmet)
rElec   +          Harm     .   (no cloak)
rCorr   .          Rampage  .   (no gloves)
Will    .....                   (no boots)
Stlth   ++........              (no amulet)
HPRegen 0.05/turn               (no ring)
MPRegen 0.09/turn               (no ring)

@: no status effects
A: sickness immunity, AC +2, negative energy resistance 1, electricity
resistance, torment resistance 1, petrification resistance
a: no special abilities


You were on level 1 of the Dungeon.
You visited 1 branch of the dungeon, and saw 1 of its levels.

You collected 54 gold pieces.

Inventory:

Hand Weapons
 c - a +0 club (weapon)
Armour
 a - a +0 robe (worn)
Potions
 b - a potion of magic


   Skills:
 + Level 1.6 Dodging
 - Level 2.1 Stealth
 + Level 2.1 Spellcasting
 + Level 1.1 Conjurations
 + Level 3.5 Fire Magic


You had 2 spell levels left.
You knew the following spells:

 Your Spells              Type           Power      Damage    Failure   Level
a - Foxfire               Conj/Fire      32%        2x1d5     9%          1
b - Scorch                Fire           24%        2d6       8%          2

Your spell library contained the following spells:

 Spells                   Type           Power      Damage    Failure   Level
 Conjure Flame            Conj/Fire      8%         6-21      26%         3
 Inner Flame              Hex/Fire       6%         N/A       32%         3
 Flame Wave               Conj/Fire      8%         2d5       63%         4


Dungeon Overview and Level Annotations

Branches:
Dungeon (1/15)

Altars:


Innate Abilities, Weirdness & Mutations

You are immune to sickness and miasma.
Your stone body is resilient. (AC +2)
You are immune to poison.
You resist negative energy. (rN+)
You are resistant to electric shocks. (rElec)
You are resistant to unholy torment.
You are immune to petrification.


Message History

You are frozen.
The jackal closely misses you. The jackal attacks as you move away!
The jackal closely misses you. The endoplasm attacks as you move away!
The endoplasm closely misses you. The jackal closely misses you.
Casting: Foxfire (safe; 9% risk of failure)
Confirm with . or Enter, or press ? or * to list all spells.
You conjure some foxfire!
The endoplasm freezes you.
You are frozen.
The jackal closely misses you. The endoplasm attacks as you move away!
The endoplasm misses you. The jackal attacks as you move away!
The jackal bites you but does no damage.
The foxfire hits the endoplasm.
The endoplasm is severely wounded.
The foxfire hits the endoplasm.
You kill the endoplasm!
The jackal misses you. The jackal attacks as you move away!
The jackal bites you but does no damage.
The jackal attacks as you move away! The jackal closely misses you.
The jackal barely misses you.
Casting: Foxfire (safe; 9% risk of failure)
Confirm with . or Enter, or press ? or * to list all spells.
You conjure some foxfire!
The jackal bites you.
The foxfire hits the jackal.
The jackal is heavily wounded.
The foxfire hits the jackal.
The jackal is severely wounded.
The jackal bites you.
* * * LOW HITPOINT WARNING * * *
The jackal attacks as you move away! The jackal bites you.
* * * LOW HITPOINT WARNING * * *
The jackal attacks as you move away! The jackal misses you. x2
You hit the jackal but do no damage.
The jackal is moderately wounded.
The jackal closely misses you. x2
You closely miss the jackal.
The jackal is moderately wounded.
The jackal bites you.
You die...

............###†..###.#
#...............#.....# #.#
#...........###...##### #.#
.....[.........#.## #.#
..≈≈≈.≈≈≈...##.#.# #.#
.≈≈....♣≈≈..##)#.## #.#
≈≈...(8..≈≈.......#########.#
≈.......♣.≈≈................#
.....♣.....≈...h@...........#
..8........≈.###.#.########.#
≈.♣..<.8..≈≈.# #.#.# #.#
≈≈.......≈≈..# #...# ####.#
.≈≈.♣...≈≈...###########....#
..≈≈≈≈≈≈≈................####
.............#############
........#..†.# .##...###....#


You could see a jackal.

Vanquished Creatures
  An endoplasm (D:1)
  A giant cockroach (D:1)
  2 goblins (D:1)
  A hobgoblin (D:1)
  2 jackals (D:1)
  A kobold (D:1)
  A rat (D:1)
9 creatures vanquished.

Vanquished Creatures (others)
  23 foxfires (D:1)
23 creatures vanquished.

Grand Total: 32 creatures vanquished

Notes
Turn   | Place    | Note
-------+----------+-------------------------------------------
     0 | D:1      | funkygono the Gargoyle Fire Elementalist began the quest
                  | for the Orb.
     0 | D:1      | Reached XP level 1. HP: 10/10 MP: 3/3
   214 | D:1      | Reached XP level 2. HP: 15/15 MP: 3/5
   217 | D:1      | Learned a level 2 spell: Scorch
   266 | D:1      | Slain by a jackal

Illustrated notes

Levels and vault maps discovered:
D:1:      moated_graveyard_arrival, layout_loops_ring,
          chequers_serial_rivers_micro_a

Action                   || total
-------------------------++-------
Melee: Club              ||     3
 Cast: Foxfire           ||    15
Armor: Robe              ||     3
Dodge: Dodged            ||    18
